 Dungeon Crawl Stone Soup version 0.19.0 (webtiles) character file.

8409 Danakh the Cleaver (level 11, -7/86 (87) HPs)
             Began as a Demonspawn Fighter on Nov 12, 2016.
             Was a Priest of Ru.
             Mangled by moogleknight's ghost (16 damage)
             ... on level 11 of the Dungeon.
             The game lasted 00:36:43 (10120 turns).

Danakh the Cleaver (Demonspawn Fighter)            Turns: 10120, Time: 00:36:44

HP:   -7/86 (87)    AC: 19    Str: 21    XL:     11   Next: 9%
MP:   9/9           EV:  7    Int:  9    God:    Ru [***...]
Gold: 591           SH: 11    Dex: 12    Spells: 0 memorised, 10 levels left

rFire  . . .     SeeInvis +     a - +1 war axe
rCold  + . .     Gourm    .     R - +0 plate armour
rNeg   . . .     Faith    .     c - +0 shield
rPois  .         Spirit   .     N - +0 helmet
rElec  .         Reflect  .     s - +0 cloak
rCorr  .         Harm     .     b - +2 pair of gloves
MR     .....                    (no boots)
Stlth  ..........               (no amulet)
                                E - ring of see invisible
                                V - ring of wizardry

@: no status effects
A: talons 1, repulsion field 1, cold resistance 1, low mp 1, slow regeneration
1, spiny 1, inability to train dodging, no charms magic, no earth magic, no
hexes magic
a: Draw Out Power, Renounce Religion


You were on level 11 of the Dungeon.
You worshipped Ru.
Ru was most pleased with you.
You were hungry.

You visited 1 branch of the dungeon, and saw 11 of its levels.
You also visited: Ossuary.

You collected 591 gold pieces.

Inventory:

Hand Weapons
 a - a +1 war axe (weapon)
Armour
 b - a +2 pair of gloves (worn)
 c - a +0 shield (worn)
 s - a +0 cloak (worn)
 N - a +0 helmet (worn)
 R - a +0 plate armour (worn)
Jewellery
 E - a ring of see invisible (right hand)
 F - a +4 ring of intelligence
 J - an uncursed ring of magical power
 O - an uncursed ring of fire
 V - a ring of wizardry (left hand)
 W - an uncursed amulet of faith {unknown}
Wands
 C - a wand of flame (26/48)
 D - a wand of lightning (3/15)
 K - a wand of lightning (4/15)
 P - a wand of iceblast (13/15)
 Q - a wand of teleportation (3/9)
Scrolls
 d - 2 scrolls of fear
 e - 5 scrolls of magic mapping
 k - 3 scrolls of blinking
 l - 5 scrolls of teleportation
 v - a scroll of enchant weapon
 y - 4 scrolls of random uselessness {unknown}
 G - 3 scrolls of remove curse
 H - a scroll of noise {unknown}
 S - a scroll of identify
 T - a scroll of amnesia
Potions
 h - 2 potions of cancellation
 i - a potion of mutation
 j - 4 potions of heal wounds {unknown}
 m - 3 potions of resistance
 o - a potion of agility
 p - 3 potions of degeneration
 q - 2 potions of lignification
 r - 6 potions of curing {unknown}
 t - a potion of magic
 u - 2 potions of haste {unknown}
 w - 2 potions of invisibility {unknown}
 A - 3 potions of ambrosia {unknown}
 B - 3 potions of cure mutation {unknown}
 I - 2 potions of brilliance {unknown}
 L - a potion of berserk rage
 M - 3 potions of might
Books
 n - a book of Cantrips

   Spells                             Type                      Level
   a - Confusing Touch                Hexes                        1
   b - Animate Skeleton               Necromancy                   1
   c - Summon Small Mammal            Summoning                    1
   d - Apportation                    Translocation                1
Comestibles
 f - 10 bread rations
 g - 2 royal jellies
 x - 5 meat rations
 z - 8 slices of pizza
 U - 6 chunks of flesh


   Skills:
 + Level 8.5 Fighting
 * Level 10.2 Axes
 + Level 7.4 Armour
 + Level 7.6 Shields


You had 10 spell levels left.
You didn't know any spells.

Dungeon Overview and Level Annotations

Branches:
Dungeon (11/15)            Temple (0/1) D:5
   Lair: D:8-11         Orc: D:9-12

Altars:
Kikubaaqudgha
Nemelex Xobeh
Okawaru
Ru
Vehumet
Yredelemnul

Shops:
D:5 *   D:10 ?

Portals:
Trove: D:11 (give +7 demon whip)

Annotations:
D:11 moogleknight's ghost, journeyman DsGl


Innate Abilities, Weirdness & Mutations

You have sharp toenails.
You are surrounded by a mild repulsion field. (EV +2)
Your flesh is cold resistant. (rC+)
Your magical capacity is low. (-10% MP)
You regenerate slowly when monsters are visible.
You are partially covered in sharp spines.
You cannot train Dodging skill.
You cannot study or cast Charms magic.
You cannot study or cast Earth magic.
You cannot study or cast Hexes magic.


Message History

an arrow; a yak corpse
Things that are here:
a dagger; a robe You see here 2 arrows.
You see here 2 arrows.
Moogleknight's ghost whispers, "There is no future for you."
Some of the chunks of flesh in your inventory have rotted away.
There is an open door here.
Moogleknight's ghost says, "I won't need demonic support against you."
There is an open door here.
Moogleknight's ghost is nearby!
There is a fountain of sparkling water here.
Moogleknight's ghost hits you!
* * * LOW HITPOINT WARNING * * *
There is an open door here.
There is a stone staircase leading up here.
Moogleknight's ghost hits you.
* * * LOW HITPOINT WARNING * * *
You are electrocuted!
You die...

#.# ##.#
#..# #.##
##.# #..#
#.## #W#
#@# #.#
#.# #.#
#.########
.....(...#
.........#
.....>...#
.(.....<.#


You could see moogleknight's ghost.

Vanquished Creatures
  A hill giant (D:10)
  A gargoyle (D:10)
  2 trolls
  2 two-headed ogres
  3 hippogriffs
  8 yaks
  A basilisk (D:10)
  A human (D:9)
  A soldier ant (D:11)
  Duvessa (D:6)
  2 orc warriors
  2 sky beasts (D:7)
  3 black bears (D:6)
  2 ice beasts
  An ogre (D:5)
  A necrophage (D:8)
  6 centaurs
  A big kobold (D:8)
  8 bullfrogs
  Dowan (D:6)
  A water moccasin skeleton (D:5)
  11 killer bees
  7 howler monkeys
  3 crimson imps
  A hound (D:11)
  2 quasits (D:10)
  2 gnoll shamans
  5 centaur zombies
  4 jellies
  6 orc priests
  2 centaur skeletons
  7 orc wizards
  3 bullfrog skeletons
  5 worker ants
  An iguana (D:10)
  An ogre zombie (Ossuary)
  A big kobold zombie (Ossuary)
  7 mummies (Ossuary)
  3 hound zombies
  8 gnolls
  7 adders
  4 shadow imps
  An adder skeleton (D:7)
  2 adder zombies (Ossuary)
  3 worms
  3 dart slugs
  7 leopard geckos
  34 orcs
  6 bats
  7 giant cockroaches
  7 goblins
  6 hobgoblins
  13 jackals
  11 kobolds
  3 quokkas
  3 ball pythons
  5 frilled lizards
  6 goblin zombies (Ossuary)
  A hobgoblin zombie (Ossuary)
  4 kobold zombies (Ossuary)
  A quokka skeleton (D:9)
  5 quokka zombies
  7 rats
  7 rat zombies (Ossuary)
281 creatures vanquished.

Vanquished Creatures (others)
  A killer bee (D:11)
  A gnoll (D:9)
2 creatures vanquished.

Grand Total: 283 creatures vanquished

Notes
Turn   | Place    | Note
-------+----------+-------------------------------------------
     0 | D:1      | Danakh the Demonspawn Fighter began the quest for the Orb.
     0 | D:1      | Reached XP level 1. HP: 18/18 MP: 1/1
    91 | D:1      | Reached skill level 2 in Axes
   218 | D:1      | Gained mutation: You have sharp toenails. [demonic ancestry]
   218 | D:1      | Reached XP level 2. HP: 15/24 MP: 2/2
   717 | D:1      | Gained mutation: You are partially covered in sharp spines. [demonic ancestry]
   717 | D:1      | Reached XP level 3. HP: 29/29 MP: 3/3
  1428 | D:2      | Gained mutation: Your flesh is cold resistant. (rC+) [demonic ancestry]
  1428 | D:2      | Reached XP level 4. HP: 29/35 MP: 4/4
  1714 | D:2      | Reached skill level 3 in Axes
  1726 | D:2      | Found a sparkling altar of Nemelex Xobeh.
  2126 | D:3      | Found a sacrificial altar of Ru.
  2146 | D:3      | Became a worshipper of Ru the Awakened
  2397 | D:4      | Reached XP level 5. HP: 32/42 MP: 5/5
  3061 | D:5      | Entered Level 5 of the Dungeon
  3100 | D:5      | Reached XP level 6. HP: 38/48 MP: 6/6
  3111 | D:5      | Found Hesup's Assorted Antiques.
  3156 | D:5      | Found a basalt altar of Yredelemnul.
  3312 | D:5      | Found a radiant altar of Vehumet.
  3361 | D:5      | Gained mutation: You cannot study or cast Earth magic. [Ru sacrifice]
  3361 | D:5      | Gained mutation: You cannot study or cast Hexes magic. [Ru sacrifice]
  3361 | D:5      | Gained mutation: You cannot study or cast Charms magic. [Ru sacrifice]
  3361 | D:5      | Reached * piety under Ru
  3368 | D:5      | Noticed a hippogriff
  3374 | D:5      | Killed a hippogriff
  3374 | D:5      | Reached skill level 4 in Axes
  3385 | D:5      | Found a staircase to the Ecumenical Temple.
  3393 | D:5      | Reached XP level 7. HP: 51/55 MP: 7/7
  3979 | D:6      | Reached skill level 5 in Fighting
  3979 | D:6      | Reached skill level 5 in Axes
  4007 | D:6      | Noticed Duvessa
  4007 | D:6      | Noticed Dowan
  4015 | D:6      | Killed Duvessa
  4020 | D:6      | Killed Dowan
  4077 | D:6      | Reached XP level 8. HP: 52/63 MP: 8/8
  4168 | D:6      | Found an iron altar of Okawaru.
  4240 | D:6      | Reached skill level 5 in Shields
  4406 | D:6      | Reached skill level 6 in Axes
  4891 | D:7      | Reached skill level 5 in Armour
  5106 | D:7      | Reached skill level 7 in Axes
  5106 | D:7      | Reached XP level 9. HP: 60/69 MP: 9/9
  5611 | D:8      | Gained mutation: You cannot train Dodging skill. [Ru sacrifice]
  5611 | D:8      | Reached ** piety under Ru
  6138 | D:8      | Found a sand-covered staircase.
  6143 | Ossuary  | Entered an ossuary
  6340 | Ossuary  | Reached skill level 8 in Axes
  6924 | D:9      | Noticed a troll
  6942 | D:9      | Killed a troll
  7223 | D:9      | Gained mutation: Your magical capacity is low. (-10% MP) [Ru sacrifice]
  7238 | D:9      | Found an ancient bone altar of Kikubaaqudgha.
  7575 | D:9      | Reached XP level 10. HP: 49/78 MP: 9/9
  7701 | D:10     | Entered Level 10 of the Dungeon
  8038 | D:10     | Reached skill level 9 in Axes
  8425 | D:10     | Found Geass's Magic Scroll Boutique.
  8823 | D:10     | Noticed a gargoyle
  8844 | D:10     | Killed a gargoyle
  8918 | D:11     | Noticed a hill giant
  8929 | D:10     | Killed a hill giant
  8987 | D:11     | Noticed moogleknight's ghost (journeyman DsGl)
  9563 | D:10     | Reached skill level 10 in Axes
  9699 | D:11     | Found a sparkling altar of Nemelex Xobeh.
  9839 | D:11     | Gained mutation: You regenerate slowly when monsters are visible. [Ru sacrifice]
  9839 | D:11     | Reached *** piety under Ru
  9843 | D:11     | Gained mutation: You are surrounded by a mild repulsion field. (EV +2) [demonic ancestry]
  9843 | D:11     | Reached XP level 11. HP: 84/86 MP: 9/9
  9867 | D:11     | Found a portal to a secret trove of treasure.
 10120 | D:11     | Mangled by moogleknight's ghost

Skill      XL: |  1  2  3  4  5  6  7  8  9 10 |
---------------+-------------------------------+-----
Axes           | 2 3 4 5 7 8 10 | 10.2
Shields        | 3 4 5 6 7 |  7.6
Armour         | 3 4 5 6 7 |  7.4
Fighting       | 4 5 6 7 8 |  8.5

Action                   |  1- 3 |  4- 6 |  7- 9 | 10-12 || total
-------------------------+-------+-------+-------+-------++-------
Melee: War axe           |   103 |   114 |   372 |   264 ||   853
       Kick              |    22 |    34 |   117 |    86 ||   259
Invok: Sacrifice Arcana  |       |     1 |       |       ||     1
       Sacrifice Essence |       |       |     1 |       ||     1
       Sacrifice Nimblen |       |       |     1 |       ||     1
       Sacrifice Purity  |       |       |       |     1 ||     1
  Use: Potion            |       |     1 |       |       ||     1
       Scroll            |       |       |    11 |     7 ||    18
 Stab: Invisible         |       |       |     1 |       ||     1
       Distracted        |       |       |       |     1 ||     1
  Eat: Chunk             |     2 |     6 |     7 |     8 ||    23
       Beef jerky        |       |       |     3 |       ||     3
       Fruit             |       |       |     1 |       ||     1
       Pizza             |       |       |     1 |       ||     1
Armor: Scale mail        |    42 |    52 |       |       ||    94
       Chain mail        |       |       |   166 |     4 ||   170
       Plate armour      |       |       |       |   140 ||   140
Dodge: Dodged            |    28 |    30 |    82 |    49 ||   189
Block: Shield            |    51 |    65 |   202 |   139 ||   457
